 Dungeon Crawl Stone Soup version 0.29.0-11-gd7f09526c8 (webtiles) character file.

Game seed: 17177374476927335447

2228 Armakuni the Basher (level 9, 0/63 HPs)
             Began as a Human Delver on Sept 6, 2022.
             Was an Initiate of Elyvilon.
             Slain by a troll (6 damage)
             ... on level 6 of the Dungeon.
             The game lasted 00:14:55 (7954 turns).

Armakuni the Basher (Human Delver)                  Turns: 7954, Time: 00:14:56

Health: 0/63       AC: 15    Str: 16    XL:     9   Next: 62%
Magic:  9/9        EV: 11    Int: 12    God:    Elyvilon [......]
Gold:   49         SH:  4    Dex: 21    Spells: 8/8 levels left

rFire   . . .      SeeInvis .   a - +6 falchion "Undertaker" {vorpal, Dex+7}
rCold   . . .      Faith    .   r - +0 buckler
rNeg    . . .      Spirit   .   h - +0 ring mail
rPois   .          Reflect  .   x - +1 helmet
rElec   .          Harm     .   (no cloak)
rCorr   .          Rampage  .   i - +1 pair of gloves
Will    .....                   p - +0 pair of boots
Stlth   +++.......              v - amulet of the acrobat
HPRegen 0.20/turn               A - +4 ring of protection
MPRegen 0.11/turn               L - ring of flight

@: flying
A: claws 1, shaggy fur 1, inability to drink after injury 1
a: Renounce Religion


You were on level 6 of the Dungeon.
You worshipped Elyvilon.
Elyvilon was noncommittal.
You visited 2 branches of the dungeon, and saw 7 of its levels.

You collected 236 gold pieces.
You spent 187 gold pieces at shops.

Inventory:

Hand Weapons
 a - the +6 falchion "Undertaker" (weapon) {vorpal, Dex+7}
   (You found it on level 6 of the Dungeon)

   It inflicts extra damage upon your enemies.
   Dex:       It affects your dexterity (+7).
 b - a +0 sling
 e - a +0 dagger of venom
 f - a +1 flail of draining
 y - a +0 flail
Missiles
 l - 2 boomerangs
 n - 4 poisoned darts
Armour
 h - a +0 ring mail (worn)
 i - a +1 pair of gloves (worn)
 p - a +0 pair of boots (worn)
 r - a +0 buckler (worn)
 x - a +1 helmet (worn)
 D - the +3 chain mail "Loyle" {rC+}
   (You found it on level 5 of the Dungeon)

   rC:        It protects you from cold.
Jewellery
 v - an amulet of the acrobat (around neck)
 A - a +4 ring of protection (left hand)
 J - a ring of ice
 L - a ring of flight (right hand)
Wands
 k - a wand of digging (3)
Scrolls
 c - a scroll of fog
 d - a scroll of magic mapping
 g - 2 scrolls of vulnerability
 m - a scroll of butterflies
 q - a scroll of blinking
 u - a scroll of noise
 w - 4 scrolls of amnesia
 C - a scroll of teleportation
Potions
 j - a potion of brilliance
 o - a potion of cancellation
 t - 3 potions of curing
 z - a potion of resistance
 B - a potion of flight


   Skills:
 - Level 3.0 Fighting
 + Level 12.2 Maces & Flails
 - Level 2.0 Dodging
 - Level 5.0 Stealth


You had 8 spell levels left.
You didn't know any spells.
Your spell library contained the following spells:

 Spells                   Type           Power      Damage    Failure   Level
 Static Discharge         Conj/Air       0%         3-3/arc   80%         2
 Summon Guardian Golem    Hex/Summ       0%         N/A       95%         3
 Lightning Bolt           Conj/Air       0%         1d11      100%        5
 Orb of Destruction       Conj           0%         9d5       100%        7
 Spellforged Servitor     Conj/Summ      0%         N/A       100%        7
 Maxwell's Capacitive Co  Air            0%         ∞         100%        8


Dungeon Overview and Level Annotations

Branches:
Dungeon (6/15)             Temple (1/1) D:5

Altars:
Ashenzari
Cheibriados
Elyvilon
Fedhas
Gozag
Kikubaaqudgha
Makhleb
Okawaru
Ru
Sif Muna
Trog
Uskayaw
Vehumet
Yredelemnul
The Shining One

Shops:
D:5 [


Innate Abilities, Weirdness & Mutations

You have sharp fingernails.
You are covered in fur. (AC +1)
You occasionally lose the ability to drink potions when taking damage.


Message History

The howler monkey hits you but does no damage.
You slash the howler monkey!
You kill the howler monkey!
The troll bites you! The troll claws you but does no damage.
The troll claws you.
Okay, then.
Okay, then.
Okay, then.
Unknown command.
You closely miss the troll. The troll bites you but does no damage.
You block the troll's attack. The troll completely misses you.
You closely miss the troll. The troll bites you but does no damage.
You block the troll's attack. The troll claws you but does no damage.
You slash the troll!
The troll is moderately wounded.
The troll bites you but does no damage. The troll claws you. x2
The troll barely misses you. The troll misses you.
You block the troll's attack.
You hit the troll.
The troll is heavily wounded.
The troll bites you. The troll claws you but does no damage.
The troll barely misses you.
You barely miss the troll.
The troll is heavily wounded.
The troll bites you! The troll claws you!
* * * LOW HITPOINT WARNING * * *
The troll barely misses you.
You slash the troll!
The troll is severely wounded.
The troll bites you!
You feel threatened and lose the ability to drink potions!
* * * LOW HITPOINT WARNING * * *
The troll claws you but does no damage. The troll barely misses you. x2
The troll claws you but does no damage. The troll closely misses you.
You hit the troll.
The troll is almost dead.
You can drink potions again.
The troll bites you but does no damage. The troll claws you but does no damage.
The troll claws you.
You die...

...............
~~g≈~~....~~~≈~
~≈≈≈≈T....~~≈≈≈
~~~~~~...h~~≈~~
...............
############..######
.....#### #.##
........# #.#######
###.###.####..oT@..#
#.#.#.#...)).#####.#
#.#.#.#..##### #.#
#.....#..# #.#
#.....#..### #.#
#######.>..### #(#
.........#...### #)#
...##....#.....###.#
...##............#.##


You could see a troll and an orc.

Vanquished Creatures
  A cyclops (D:6)
  Sigmund (D:2)
  Menkaure (D:4)
  2 orc warriors
  3 ice beasts
  2 ogres
  A kobold brigand (D:6)
  3 scorpions (D:5)
  3 howler monkeys (D:6)
  A hound (D:6)
  3 jellies
  An orc priest (D:3)
  An iguana (D:4)
  7 orc wizards
  3 gnolls (D:6)
  10 adders
  A shadow imp (D:5)
  2 white imps (D:6)
  2 ufetubi (D:5)
  A worm (D:2)
  19 orcs
  3 bats
  6 endoplasms
  A giant cockroach (D:1)
  5 goblins (D:3)
  4 jackals (D:2)
  6 kobolds
  6 quokkas
  4 ball pythons
  3 frilled lizards
  A goblin zombie (D:6)
  A quokka zombie (D:6)
  10 rats
118 creatures vanquished.

Vanquished Creatures (others)
  An orc wizard (D:5)
  A fungus (D:6)
  A plant (D:6)
3 creatures vanquished.

Grand Total: 121 creatures vanquished

Notes
Turn   | Place    | Note
-------+----------+-------------------------------------------
     0 | D:5      | Armakuni the Human Delver began the quest for the Orb.
     0 | D:5      | Reached XP level 1. HP: 18/18 MP: 1/1
    31 | D:5      | Noticed an orc wizard
    50 | D:5      | Reached XP level 2. HP: 24/24 MP: 2/2
    72 | D:5      | Reached skill level 3 in Maces & Flails
   351 | D:6      | Reached XP level 3. HP: 27/29 MP: 3/3
   867 | D:5      | Noticed a scorpion
  1121 | D:5      | Reached skill level 4 in Maces & Flails
  1121 | D:5      | Reached XP level 4. HP: 18/35 MP: 4/4
  1512 | D:5      | Noticed an ice beast
  1517 | D:5      | Found Ytelihant's Antique Armour Shoppe.
  1587 | D:5      | Noticed a scorpion
  1631 | D:3      | Found an ancient bone altar of Kikubaaqudgha.
  1781 | D:3      | Found an iron altar of Okawaru.
  2041 | D:2      | Noticed Sigmund
  2133 | D:2      | Found a faded altar of an unknown god.
  2207 | D:2      | Reached XP level 5. HP: 23/41 MP: 5/5
  2602 | D:1      | Reached skill level 5 in Maces & Flails
  3620 | D:2      | Killed Sigmund
  3621 | D:2      | Reached skill level 6 in Maces & Flails
  3621 | D:2      | Reached XP level 6. HP: 40/47 MP: 6/6
  4667 | D:4      | Found a burning altar of Makhleb.
  4734 | D:4      | Reached XP level 7. HP: 46/52 MP: 7/7
  4748 | D:4      | Reached skill level 7 in Maces & Flails
  4845 | D:4      | Noticed Menkaure
  4864 | D:4      | Killed Menkaure
  5377 | D:4      | Found an opulent altar of Gozag.
  5378 | D:4      | Found a basalt altar of Yredelemnul.
  5587 | D:5      | Reached skill level 8 in Maces & Flails
  5760 | D:5      | Identified the +3 chain mail "Loyle" {rC+}
  5895 | D:5      | Reached XP level 8. HP: 50/58 MP: 8/8
  5950 | D:5      | Reached skill level 9 in Maces & Flails
  6328 | D:5      | Found a staircase to the Ecumenical Temple.
  6393 | Temple   | Entered the Ecumenical Temple
  6643 | Temple   | Became a worshipper of Elyvilon the Healer
  6704 | D:5      | Bought a shiny helmet for 187 gold pieces
  6859 | D:5      | Reached skill level 10 in Maces & Flails
  7213 | D:6      | Reached XP level 9. HP: 60/63 MP: 9/9
  7296 | D:6      | Reached skill level 11 in Maces & Flails
  7472 | D:6      | Identified the +6 falchion "Undertaker" {vorpal, Dex+7}
  7520 | D:6      | Noticed a cyclops
  7554 | D:6      | Killed a cyclops
  7555 | D:6      | Reached skill level 12 in Maces & Flails
  7931 | D:6      | Noticed a troll
  7945 | D:6      | Gained mutation: You occasionally lose the ability to drink
                  | potions when taking damage. [potion of mutation]
  7945 | D:6      | Gained mutation: You have sharp fingernails. [potion of
                  | mutation]
  7945 | D:6      | Gained mutation: You are covered in fur. (AC +1) [potion of
                  | mutation]
  7954 | D:6      | Slain by a troll

Illustrated notes

Levels and vault maps discovered:
D:1:      erik_arrival_cave_to_civilisation [erik_arrival_cave_to_hall],
          layout_basic, minmay_crystal_room
D:2:      layout_loops_ring, hellmonk_ecumenical_altar_inner_sanctum,
          uniq_sigmund
D:3:      cheibrodos_helix_gallery, layout_loops_ring,
          kennysheep_okawaru_gauntlet, kiku_gazebo_pond_becter
D:4:      layout_loops_ring, lightli_temple_of_fire,
          gammafunk_temple_overflow_pools, uniq_menkaure
D:5:      layout_loops_ring, minmay_temple_entry_trees, serial_shops,
          nicolae_shop_waterfront
D:6:      lemuel_castle_with_subvaults [lemuel_castle_interior_original],
          layout_rooms, nzn_hepliaklqana_mist_gate, enter_ossuary_4,
          grunt_ministairs_11
Temple:   jpeg_temple_alley_garden

Skill      XL: |  1  2  3  4  5  6  7  8  9 |
---------------+----------------------------+-----
Maces & Flails | 3 4 6 8 10 12 | 12.2
Fighting       | |  3.0
Dodging        | |  2.0
Stealth        | |  5.0

Action                   |  1- 3 |  4- 6 |  7- 9 || total
-------------------------+-------+-------+-------++-------
Melee: Mace              |    41 |   203 |   175 ||   419
       Punch             |       |     1 |       ||     1
       Flail             |       |       |   157 ||   157
       Falchion          |       |       |    51 ||    51
 Fire: Sling             |       |     8 |    16 ||    24
  Use: Scroll            |       |    13 |     7 ||    20
       Potion            |       |     3 |     5 ||     8
 Stab: Sleeping          |     2 |    12 |     5 ||    19
Armor: Leather armour    |    16 |     1 |       ||    17
       Ring mail         |       |    82 |   168 ||   250
       Skin              |       |       |     9 ||     9
Dodge: Dodged            |    37 |   112 |   131 ||   280
Block: Buckler           |       |    14 |    39 ||    53
